 Dungeon Crawl Stone Soup version 0.29-a0-582-ge82337ba6a (webtiles) character file.

Game seed: 11400859727289375121

179 frogsbabysitter the Shooter (level 5, -4/27 HPs)
             Began as a Spriggan Hunter on June 14, 2022.
             Killed from afar by Ijyb (14 damage)
             ... with an iceblast
             ... on level 3 of the Dungeon.
             The game lasted 00:09:22 (2125 turns).

frogsbabysitter the Shooter (Spriggan Hunter)       Turns: 2125, Time: 00:09:22

Health: -4/27      AC:  2    Str:  9    XL:     5   Next: 33%
Magic:  6/6        EV: 20    Int: 10    God:
Gold:   181        SH:  0    Dex: 25    Spells: 4/4 levels left

rFire   . . .      SeeInvis +   a - +1 shortbow
rCold   . . .      Faith    +   (shield currently unavailable)
rNeg    . . .      Spirit   .   b - +0 robe
rPois   .          Reflect  .   (helmet restricted)
rElec   .          Harm     .   (no cloak)
rCorr   .          Rampage  .   (gloves unavailable)
Will    .....                   (boots unavailable)
Stlth   +++.......              l - amulet of faith
HPRegen 0.09/turn               k - +6 ring of dexterity
MPRegen 0.10/turn               (no ring)

@: very quick
A: very small, no large weapons, unfitting armour, see invisible, speed 3
a: no special abilities


You were on level 3 of the Dungeon.
You visited 1 branch of the dungeon, and saw 3 of its levels.

You collected 181 gold pieces.

Inventory:

Hand Weapons
 a - a +1 shortbow (weapon)
 x - a +0 dagger
Missiles
 j - 5 poisoned darts
Armour
 b - a +0 robe (worn)
 d - a +0 robe
Jewellery
 k - a +6 ring of dexterity (left hand)
 l - an amulet of faith (around neck)
 n - a +4 ring of protection
Scrolls
 c - a scroll of immolation
 g - a scroll of summoning {unknown}
 h - a scroll of fog {unknown}
 m - a scroll of acquirement {unknown}
 o - a scroll of teleportation {unknown}
 r - a scroll of torment {unknown}
 s - 4 scrolls of identify {unknown}
 u - a scroll of poison {unknown}
 v - a scroll of noise {unknown}
Potions
 e - a potion of flight {unknown}
 f - a potion of haste {unknown}
 i - 2 potions of heal wounds {unknown}
 p - a potion of curing {unknown}
 q - a potion of lignification {unknown}
 t - a potion of resistance {unknown}
 w - a potion of degeneration {unknown}


   Skills:
 + Level 2.4 Fighting
 * Level 6.1 Bows
 + Level 4.1 Dodging
 + Level 4.1 Stealth


You had 4 spell levels left.
You didn't know any spells.
Your spell library contained the following spells:

 Spells                   Type           Power      Damage    Failure   Level
 Stone Arrow              Conj/Erth      0%         3d7       75%         3
 Animate Armour           Summ/Erth      0%         N/A       98%         4
 Conjure Ball Lightning   Conj/Air       0%         3x3d6     100%        6
 Discord                  Hex            0%         N/A       100%        8
 Disjunction              Tloc           0%         N/A       100%        8
 Lehudib's Crystal Spear  Conj/Erth      0%         10d2      100%        8


Dungeon Overview and Level Annotations

Branches:
Dungeon (3/15)

Altars:

Annotations:
D:3 Ijyb


Innate Abilities, Weirdness & Mutations

You are very small and have problems with some larger weapons.
You are too small for most types of armour.
You have supernaturally acute eyesight. (SInv)
You cover ground extremely quickly. (Speed+++)


Message History

Found 15 gold pieces.
You now have 163 gold pieces (gained 15).
A ball python comes into view.
Found 18 gold pieces.
A ball python is nearby!
A ball python is nearby!
Shoot: a) +1 shortbow
Press: ? - help, Q - select action, (/) - cycle Shift-Dir - straight line, f - ball python
Aim: a ball python (asleep, 98% to hit)
You shoot an arrow. The arrow hits the ball python!
You kill the ball python!
You now have 181 gold pieces (gained 18).
There is an open door here.
Press: ? - help, v - describe, . - travel
Here: Ijyb, wielding a +0 dagger, wearing a +0 leather armour and carrying a wand of iceblast (11) (asleep)
The floor.
Ijyb is nearby!
Shoot: a) +1 shortbow
Press: ? - help, Q - select action, (/) - cycle Shift-Dir - straight line, f/p - Ijyb
Aim: Ijyb, wielding a +0 dagger, wearing a +0 leather armour and carrying a wand of iceblast (11) (asleep, 98% to hit)
You shoot an arrow. The arrow hits Ijyb but does no damage.
Ijyb shouts!
Shoot: a) +1 shortbow
Press: ? - help, Q - select action, (/) - cycle Shift-Dir - straight line, f/p - Ijyb
Aim: Ijyb, wielding a +0 dagger, wearing a +0 leather armour and carrying a wand of iceblast (11) (63% to hit)
You shoot an arrow. The arrow hits Ijyb!
Ijyb is moderately wounded.
Shoot: a) +1 shortbow
Press: ? - help, Q - select action, (/) - cycle Shift-Dir - straight line, f/p - Ijyb
Aim: Ijyb, wielding a +0 dagger, wearing a +0 leather armour and carrying a wand of iceblast (11) (moderately wounded, 63% to hit)
You shoot an arrow. The arrow hits Ijyb!
Ijyb is severely wounded.
Ijyb zaps a wand.
The mass of ice explodes!
The iceblast engulfs you!
Ouch! That really hurt!
You hear a shout!
Ijyb zaps a wand.
The mass of ice explodes!
The iceblast engulfs you!
Ouch! That really hurt!
You die...

#....# #..........#
#....####.....)....#
#.......+..........#
......###..........#
......#
########'#######
.....(##
#..........#
.........
#..........#
..†.......
#..........#
..........
####@####.##
..######## #.# #.##
.... #.# #..# .....
.##.#####.# .>.....
..g.......# #......
.......#..# ......
$....#....#
...#......# .#.
......#


You could see Ijyb.

Vanquished Creatures
  A necrophage (D:3)
  An orc wizard (D:2)
  3 adders (D:2)
  2 dart slugs
  4 orcs (D:3)
  2 endoplasms (D:3)
  7 goblins
  5 hobgoblins
  3 jackals (D:1)
  3 quokkas (D:3)
  5 ball pythons
  4 bats
  3 frilled lizards
  8 kobolds
  4 rats
55 creatures vanquished.

Notes
Turn   | Place    | Note
-------+----------+-------------------------------------------
     0 | D:1      | frogsbabysitter the Spriggan Hunter began the quest for the
                  | Orb.
     0 | D:1      | Reached XP level 1. HP: 10/10 MP: 2/2
   265 | D:1      | Reached skill level 5 in Bows
   265 | D:1      | Reached XP level 2. HP: 15/15 MP: 3/3
   306 | D:1      | Found a faded altar of an unknown god.
   700 | D:2      | Reached XP level 3. HP: 18/18 MP: 4/4
  1389 | D:3      | Reached XP level 4. HP: 23/23 MP: 5/5
  1425 | D:3      | Noticed a black bear
  1463 | D:3      | Noticed a necrophage
  1505 | D:3      | Killed a necrophage
  1620 | D:3      | Reached skill level 6 in Bows
  1637 | D:3      | Reached XP level 5. HP: 27/27 MP: 6/6
  1974 | D:3      | Noticed Ijyb
  2125 | D:3      | Killed from afar by Ijyb

Illustrated notes

Levels and vault maps discovered:
D:1:      sevenhm_arrival_forest_fort_small_3, layout_loops_ring,
          basic_ecumenical_altar
D:2:      layout_basic, serial_corexii_hall, chequers_hall_statues_wall_a,
          chequers_hall_statues_y
D:3:      layout_basic, minmay_misc_feat_more_columns,
          kennysheep_generic_room_2, uniq_ijyb

Skill      XL: |  1  2  3  4  5 |
---------------+----------------+-----
Stealth        | 2 3 4 |  4.1
Bows           | 5 6 |  6.1
Dodging        | 3 4 |  4.1
Fighting       | 2 |  2.4

Action                   |  1- 3 |  4- 6 || total
-------------------------+-------+-------++-------
 Fire: Shortbow          |    84 |    51 ||   135
Dodge: Dodged            |     4 |     6 ||    10

Table legend: (Time is in decaauts)
 A = Elapsed time spent in this place.
 B = Non-inter-level travel time spent in this place.
 C = Inter-level travel time spent in this place.
 D = Time resting spent in this place.
 E = Time spent auto-exploring this place.
 F = Levels seen in this place.
 G = Mean time per level.
                   A        B        C        D        E       F      G
               +--------+--------+--------+--------+--------+-----+--------+
         Total |   1439 |   1398 |     41 |    102 |    530 |   3 |  479.7 |
       Dungeon |   1439 |   1398 |     41 |    102 |    530 |   3 |  479.7 |
               +--------+--------+--------+--------+--------+-----+--------+

Top non-repeatable levels by time:
     D:2: 552 daAuts
     D:1: 456 daAuts
     D:3: 430 daAuts
